 Dungeon Crawl Stone Soup version 0.28-a0-43-g560ac104fe (webtiles) character file.

Game seed: 5485143985198141362

178 Lekart the Skirmisher (level 5, 0/48 HPs)
             Began as a Draconian Chaos Knight on July 28, 2021.
             Was a Plaything of Xom.
             Slain by an orc (3 damage)
             ... on level 4 of the Dungeon.
             The game lasted 00:03:45 (2545 turns).

Lekart the Skirmisher (Draconian Chaos Knight)      Turns: 2545, Time: 00:03:45

Health: 0/48       AC:  5    Str: 16    XL:     5   Next: 32%
Magic:  5/5        EV: 11    Int: 12    God:    Xom [.....*]
Gold:   131        SH:  3    Dex: 10    Spells: 4/4 levels left

rFire   . . .      SeeInvis .   a - +0 falchion (chaos)
rCold   . . .      Faith    .   i - +0 buckler
rNeg    . . .      Spirit   .   (armour unavailable)
rPois   .          Reflect  .   (helmet restricted)
rElec   .          Harm     .   (no cloak)
rCorr   .          Rampage  .   (no gloves)
Will    .....                   (no boots)
Stlth   +.........              (no amulet)
HPRegen 0.16/turn               (no ring)
MPRegen 0.09/turn               (no ring)

@: death channeling
A: AC +5, unfitting armour, cold-blooded
a: Renounce Religion


You were on level 4 of the Dungeon.
You worshipped Xom.
You were Xom's teddy bear.
You visited 1 branch of the dungeon, and saw 4 of its levels.

You collected 131 gold pieces.

Inventory:

Hand Weapons
 a - a +0 falchion of chaos (weapon)
Armour
 i - a +0 buckler (worn)
Jewellery
 e - a +4 ring of protection
Wands
 b - a wand of acid (10)
Scrolls
 c - a scroll of identify {unknown}
 g - a scroll of enchant armour
Potions
 d - a potion of curing
 f - 3 potions of resistance {unknown}
 h - a potion of ambrosia {unknown}


   Skills:
 * Level 5.0 Fighting
 + Level 4.2 Long Blades
 + Level 3.1 Dodging
 * Level 0.1 Shields


You had 4 spell levels left.
You didn't know any spells.
Your spell library contained the following spells:

 Spells                   Type           Power      Damage    Failure   Level
 Conjure Flame            Conj/Fire      0%         6-21      85%         3
 Dazzling Flash           Conj/Hex       0%         N/A       85%         3
 Ignite Poison            Fire/Tmut/Pois 0%         N/A       85%         3
 Iskenderun's Mystic Bla  Conj/Tloc      0%         2d3       99%         4
 Sticky Flame             Conj/Fire      0%         2d3       99%         4
 Starburst                Conj/Fire      0%         8x6d3     100%        6


Dungeon Overview and Level Annotations

Branches:
Dungeon (4/15)
 Temple: D:4-7

Altars:
Cheibriados

Annotations:
D:3 Natasha


Innate Abilities, Weirdness & Mutations

Your plain brown scales are hard. (AC +5)
You cannot fit into any form of body armour.
You are cold-blooded and may be slowed by cold attacks.


Message History

Found a stone staircase leading down.
There is a stone staircase leading up here.
You barely miss the orc.
The orc is heavily wounded.
The adder hisses angrily.
The orc hits you with a +0 war axe. The orc hits you but does no damage.
You closely miss the orc.
Your tail-slap misses the orc.
The orc is heavily wounded.
The orc completely misses you.
You riposte.
You barely miss the orc. The orc barely misses you. The adder bites you.
The orc hits you with a +0 war axe.
You barely miss the adder.
Your tail-slap misses the adder.
The orc completely misses you. The adder bites you but does no damage.
You block the orc's attack. The orc misses you. You block the adder's attack.
You hit the orc but do no damage.
The orc is heavily wounded.
The orc closely misses you. The adder bites you but does no damage.
The orc hits you but does no damage.
You hit the adder.
The adder is severely wounded.
The adder barely misses you. The orc hits you with a +0 war axe.
The adder bites you but does no damage. The orc hits you but does no damage.
You closely miss the adder.
The adder is severely wounded.
The orc barely misses you. The adder closely misses you.
You block the orc's attack. The orc hits you with a +0 war axe.
You completely miss the adder.
The adder is severely wounded.
You block the adder's attack. The orc hits you with a +0 club.
* * * LOW HITPOINT WARNING * * *
The adder bites you.
* * * LOW HITPOINT WARNING * * *
The orc hits you with a +0 war axe.
* * * LOW HITPOINT WARNING * * *
You slash the adder!
You kill the adder!
A glowing mist starts to gather...
The orc hits you with a +0 club.
You die... "This toy is broken."

#######
#.....#
#.....###
#........
#.o...#
#@o.Z.#
#.<...#
###.###
.# .# ..
.. ...
..>


You could see 2 orcs and a friendly spectral adder.

Vanquished Creatures
  An ogre (D:3)
  4 adders
  A dart slug (D:3)
  2 orcs (D:3)
  3 endoplasms
  2 giant cockroaches
  5 goblins
  2 hobgoblins (D:3)
  7 jackals (D:1)
  A quokka (D:3)
  2 ball pythons (D:2)
  6 bats
  2 frilled lizards
  3 kobolds
  3 rats
44 creatures vanquished.

Vanquished Creatures (others)
  A hound (D:3)
1 creature vanquished.

Grand Total: 45 creatures vanquished

Notes
Turn   | Place    | Note
-------+----------+-------------------------------------------
     0 | D:1      | Lekart the Draconian Chaos Knight began the quest for the
                  | Orb.
     0 | D:1      | Reached XP level 1. HP: 19/19 MP: 1/1
   411 | D:1      | XOM: divination: detect items
   423 | D:1      | Reached XP level 2. HP: 12/27 MP: 2/2
  1037 | D:2      | Reached skill level 4 in Fighting
  1037 | D:2      | Reached XP level 3. HP: 25/33 MP: 3/3
  1181 | D:2      | Found a snail-covered altar of Cheibriados.
  1744 | D:2      | Found a faded altar of an unknown god.
  1868 | D:3      | Noticed an ogre
  1874 | D:3      | HP: 1/33 [ogre (16)]
  1874 | D:3      | XOM: butterfly on damage
  1877 | D:3      | Killed an ogre
  1878 | D:3      | Reached XP level 4. HP: 2/41 MP: 4/4
  1959 | D:3      | Reached XP level 5. HP: 15/47 MP: 5/5
  1962 | D:3      | XOM: god gift: wand of acid (10)
  2301 | D:3      | XOM: silly message
  2361 | D:3      | Reached skill level 5 in Fighting
  2499 | D:3      | Noticed Natasha
  2513 | D:3      | XOM: fake destruction
  2523 | D:3      | Noticed a swamp drake
  2523 | D:3      | an orc priest changed into a swamp drake
  2523 | D:3      | XOM: polymorph orc priest -> swamp drake
  2524 | D:3      | XOM: cast spell 'Death Channel'
  2545 | D:4      | Slain by an orc

Illustrated notes

Levels and vault maps discovered:
D:1:      wander_arrival_chamber, layout_rooms
D:2:      layout_loops_ring, basic_altar, chequers_ecumenical_altar_lobes
D:3:      layout_loops_cross, uniq_natasha
D:4:      layout_rooms, roderic_serpentine_path, hangedman_decor_push,
          chequers_serial_rivers_room_a, grunt_decor_fettered, uniq_ijyb,
          uniq_eustachio, uniq_grinder

Skill      XL: |  1  2  3  4  5 |
---------------+----------------+-----
Fighting       | 4 5 |  5.0
Long Blades    | 4 |  4.2
Dodging        | 3 |  3.1
Shields        | |  0.1

Action                   |  1- 3 |  4- 6 || total
-------------------------+-------+-------++-------
Melee: Falchion          |    94 |    46 ||   140
       Tailslap          |    10 |     7 ||    17
  Use: Potion            |     6 |       ||     6
       Scroll            |     2 |       ||     2
 Stab: Sleeping          |     1 |       ||     1
Armor: Skin              |    59 |    32 ||    91
Dodge: Dodged            |    93 |    40 ||   133
Block: Buckler           |       |     5 ||     5
       Rpst.: Falchion   |    22 |     7 ||    29

Table legend: (Time is in decaauts)
 A = Elapsed time spent in this place.
 B = Non-inter-level travel time spent in this place.
 C = Inter-level travel time spent in this place.
 D = Time resting spent in this place.
 E = Time spent auto-exploring this place.
 F = Levels seen in this place.
 G = Mean time per level.
                   A        B        C        D        E       F      G
               +--------+--------+--------+--------+--------+-----+--------+
         Total |   2549 |   2507 |     42 |    575 |   1580 |   4 |  637.2 |
       Dungeon |   2549 |   2507 |     42 |    575 |   1580 |   4 |  637.2 |
               +--------+--------+--------+--------+--------+-----+--------+

Top non-repeatable levels by time:
     D:1: 1032 daAuts
     D:2: 757 daAuts
     D:3: 749 daAuts
     D:4: 10 daAuts
